 Dungeon Crawl Stone Soup version 0.28-a0-850-g09de17f5b5 (webtiles) character file.

Game seed: 6958011487100202772

177 marklar909 the Shield-Bearer (level 5, 0/43 HPs)
             Began as a Palentonga Fighter on Nov 14, 2021.
             Slain by a gnoll (3 damage)
             ... on level 3 of the Dungeon.
             The game lasted 00:03:03 (2648 turns).

marklar909 the Shield-Bearer (Palentonga Fighter)   Turns: 2648, Time: 00:03:04

Health: 0/43       AC:  6    Str: 20    XL:     5   Next: 31%
Magic:  5/5        EV:  4    Int:  8    God:
Gold:   85         SH: 11    Dex: 10    Spells: 4/4 levels left

rFire   . . .      SeeInvis +   a - +0 war axe
rCold   . . .      Faith    .   g - +0 tower shield
rNeg    . . .      Spirit   .   b - +0 scale mail
rPois   .          Reflect  .   (no helmet)
rElec   .          Harm     .   (no cloak)
rCorr   .          Rampage  .   (no gloves)
Will    .....                   (no barding)
Stlth   ..........              (no amulet)
HPRegen 0.14/turn               (no ring)
MPRegen 0.09/turn               (no ring)

@: no status effects
A: large, rugged brown scales 3, see invisible, deformed body, roll 1, armoured
tail
a: Rolling Charge


You were on level 3 of the Dungeon.
You visited 1 branch of the dungeon, and saw 4 of its levels.

You collected 85 gold pieces.

Inventory:

Hand Weapons
 a - a +0 war axe (weapon)
Armour
 b - a +0 scale mail (worn)
 g - a +0 tower shield (worn)
Wands
 k - a wand of digging (3)
Scrolls
 c - 3 scrolls of teleportation {unknown}
 i - 3 scrolls of identify {unknown}
 j - 2 scrolls of magic mapping {unknown}
 m - a scroll of amnesia {unknown}
Potions
 d - a potion of might
 e - 2 potions of mutation {unknown}
 f - a potion of attraction {unknown}
 h - 3 potions of curing {unknown}
 l - a potion of lignification {unknown}


   Skills:
 + Level 3.4 Fighting
 + Level 3.2 Axes
 + Level 3.1 Armour
 + Level 0.7 Dodging
 + Level 3.5 Shields


You had 4 spell levels left.
You didn't know any spells.
Your spell library contained the following spells:

 Spells                   Type           Power      Damage    Failure   Level
 Sublimation of Blood     Necr           0%         N/A       100%        2
 Animate Dead             Necr           0%         N/A       100%        4
 Petrify                  Tmut/Erth      0%         N/A       100%        4
 Borgnjor's Vile Clutch   Necr/Erth      0%         N/A       100%        5
 Irradiate                Conj/Tmut      0%         3d13      100%        5
 Death Channel            Necr           0%         N/A       100%        6


Dungeon Overview and Level Annotations

Branches:
Dungeon (4/15)
 Temple: D:4-7

Altars:


Innate Abilities, Weirdness & Mutations

You are completely covered in rugged brown scales. (AC +3, +7% HP)
You have supernaturally acute eyesight. (SInv)
Armour fits poorly on your strangely shaped body.
You can roll at nearby foes to attack.
You have a long armoured tail.


Message History

You block the gnoll's attack.
Unknown command.
Unknown command.
You barely miss the gnoll.
The gnoll is heavily wounded.
Your shield and scale mail prevent you from hitting the gnoll.
The gnoll hits you from afar with a +0 spear.
You block the gnoll's attack. The gnoll hits you with a +0 flail!
You block the gnoll's attack.
Unknown command.
You are too injured to fight recklessly!
Unknown command.
You are too injured to fight recklessly!
The gnoll hits you from afar with a +0 spear.
* * * LOW HITPOINT WARNING * * *
You see here a +0 dagger.
The gnoll hits you but does no damage.
You see here a giant cockroach corpse.
There is a stone staircase leading up here.
The gnoll hits you with a +0 club.
* * * LOW HITPOINT WARNING * * *
You climb upwards.
There is a stone staircase leading down here.
You barely miss the gnoll.
The gnoll is heavily wounded.
You block the gnoll's attack.
You barely miss the gnoll.
The gnoll is heavily wounded.
The gnoll hits you with a +0 club.
* * * LOW HITPOINT WARNING * * *
You block the gnoll's attack.
You slash the gnoll!
The gnoll is almost dead.
The gnoll hits you with a +0 club.
* * * LOW HITPOINT WARNING * * *
The gnoll barely misses you.
You completely miss the gnoll.
The gnoll is almost dead.
The gnoll hits you but does no damage. The gnoll hits you with a +0 club.
You die...

##..## ############ ###....#####
# ##.(........###...♣P...... #
##............#.....P...... ###
#.......................... ..##
#.......................... #..#
##..........................
##.###.........g.................
##..#...........@................
......#..........................
.................................
......##.#####...................
......##.# #................###
.........# #................###
........#### #..[................
........##.###...................
...........#.....................


You could see a gnoll.

Vanquished Creatures
  A centaur zombie (D:4)
  6 adders
  2 worms (D:2)
  4 dart slugs
  2 orcs (D:3)
  3 endoplasms
  2 giant cockroaches
  8 goblins
  6 hobgoblins
  8 jackals
  9 kobolds
  2 quokkas
  6 ball pythons
  3 bats
  2 frilled lizards
  A quokka skeleton (D:4)
  9 rats
74 creatures vanquished.

Vanquished Creatures (others)
  A rat (D:1)
  A plant (D:1)
2 creatures vanquished.

Grand Total: 76 creatures vanquished

Notes
Turn   | Place    | Note
-------+----------+-------------------------------------------
     0 | D:1      | marklar909 the Palentonga Fighter began the quest for the
                  | Orb.
     0 | D:1      | Reached XP level 1. HP: 19/19 MP: 1/1
    52 | D:1      | Reached XP level 2. HP: 25/25 MP: 2/2
   408 | D:1      | Found a faded altar of an unknown god.
   421 | D:1      | Reached XP level 3. HP: 18/31 MP: 3/3
  1341 | D:2      | Reached XP level 4. HP: 30/37 MP: 4/4
  2583 | D:4      | Reached XP level 5. HP: 43/43 MP: 5/5
  2648 | D:3      | Slain by a gnoll

Illustrated notes

Levels and vault maps discovered:
D:1:      wander_arrival_fairy_ring, layout_rooms,
          hellmonk_ecumenical_altar_blasted, grunt_decor_junction
D:2:      minmay_skewed_foursquare, layout_basic
D:3:      layout_rooms, serial_park_tiny_1
D:4:      layout_basic, kennysheep_little_box, serial_shops, shop_fountains,
          roderic_serpentine_path, minmay_starry_boxes

Skill      XL: |  1  2  3  4 |
---------------+-------------+-----
Armour         | 3 |  3.1
Shields        | 3 |  3.5
Axes           | 3 |  3.2
Fighting       | |  3.4
Dodging        | |  0.7

Action                   |  1- 3 |  4- 6 || total
-------------------------+-------+-------++-------
Melee: War axe           |   117 |    95 ||   212
       Tailslap          |    15 |     6 ||    21
 Abil: Rolling Charge    |    18 |     4 ||    22
Armor: Scale mail        |    83 |    72 ||   155
Dodge: Dodged            |    20 |    15 ||    35
Block: Buckler           |     4 |       ||     4
       Tower shield      |    73 |    78 ||   151

Table legend: (Time is in decaauts)
 A = Elapsed time spent in this place.
 B = Non-inter-level travel time spent in this place.
 C = Inter-level travel time spent in this place.
 D = Time resting spent in this place.
 E = Time spent auto-exploring this place.
 F = Levels seen in this place.
 G = Mean time per level.
                   A        B        C        D        E       F      G
               +--------+--------+--------+--------+--------+-----+--------+
         Total |   2801 |   2731 |     70 |    728 |   1436 |   4 |  700.2 |
       Dungeon |   2801 |   2731 |     70 |    728 |   1436 |   4 |  700.2 |
               +--------+--------+--------+--------+--------+-----+--------+

Top non-repeatable levels by time:
     D:2: 1297 daAuts
     D:1: 948 daAuts
     D:3: 376 daAuts
     D:4: 179 daAuts
